 Dungeon Crawl Stone Soup version 0.19-a0-1071-g4ed3155 (webtiles) character file.

437 4thArraOfDagon the Ruffian (level 6, 2/54 HPs)
             Began as a Troll Arcane Marksman on Aug 5, 2016.
             Quit the game on level 7 of the Dungeon.
             The game lasted 00:04:13 (875 turns).

4thArraOfDagon the Ruffian (Troll Arcane Marksman)   Turns: 875, Time: 00:04:14

Health: 2/54       AC:  5    Str: 20    XL:     6   Next: 69%
Magic:  6/6        EV: 10    Int: 11    God:
Gold:   64         SH:  0    Dex:  9    Spells: 1 memorised, 6 levels left

rFire  . . .     SeeInvis .       - Unarmed
rCold  . . .     Gourm    +     a - +0 robe
rNeg   . . .     Faith    .     (no shield)
rPois  .         Spirit   .     (helmet restricted)
rElec  .         Dismiss  .     (no cloak)
rCorr  .         Reflect  .     (gloves unavailable)
SustAt .         Harm     .     (boots unavailable)
MR     .....                    (no amulet)
Stlth  +.........               (no ring)
                                (no ring)

@: quite poisoned (2 -> 1), very slightly contaminated, drained
A: unfitting armour, claws 3, fast metabolism 3, gourmand, regeneration 2,
shaggy fur 1, tough skin 2
a: no special abilities


You were on level 7 of the Dungeon.
You were not hungry.

You visited 1 branch of the dungeon, and saw 7 of its levels.

You collected 64 gold pieces.

Inventory:

Missiles
 d - 2 throwing nets (quivered)
Armour
 a - a +0 robe (worn)
Scrolls
 e - a scroll of enchant weapon
 h - a scroll of fog
Books
 b - a book of Debilitation

   Spells                             Type                      Level
   a - Corona                         Hexes                        1
   b - Slow                           Hexes                        2
   c - Gell's Gravitas                Hexes/Translocation          3
   d - Inner Flame                    Hexes/Fire                   3
   e - Cause Fear                     Hexes                        4
   f - Leda's Liquefaction            Hexes/Earth                  4
Comestibles
 f - 3 bread rations
 k - a beef jerky


   Skills:
 - Level 0.7 Fighting
 - Level 1.7 Throwing
 - Level 1.5 Dodging
 * Level 6.9 Unarmed Combat
 - Level 1.0(0.9) Spellcasting
 - Level 2.0(1.9) Hexes


You had 6 spell levels left.
You knew the following spells:

 Your Spells              Type           Power        Failure   Level  Hunger
a - Corona                Hex            #......      17%         1    ##.....


Dungeon Overview and Level Annotations

Branches:
Dungeon (7/15)
 Temple: D:4-7

Altars:
Fedhas


Innate Abilities, Weirdness & Mutations

You are too large for most types of armour.
You have claws for hands.
Your metabolism is lightning-fast.
You like to eat raw meat.
You heal very quickly.
You are covered in fur. (AC +1)
You have very tough skin. (AC +2)


Message History

It is a scroll of amnesia.
Forget which spell ([?*] list [ESC] exit)?
Forget which spell ([?*] list [ESC] exit)?
Okay, then.
You feel sick. The killer bee barely misses you.
As you read the scroll labeled YGEUCW PELUBU, it crumbles to dust.
The scroll dissolves into smoke.
It was a scroll of fog.
You flicker back into view.
The killer bee stings you.
* * * LOW HITPOINT WARNING * * *
You are more poisoned.
The killer bee poisons you! The killer bee stings you.
* * * LOW HITPOINT WARNING * * *
As you read the scroll labeled OPTI NEDEHUTYZ, it crumbles to dust.
Your ears itch!
It was a scroll of random uselessness.
* * * LOW HITPOINT WARNING * * *
You feel sick. The killer bee barely misses you.
The killer bee closely misses you.
Unknown command.
Are you sure you want to abandon this character and quit the game? (Confirm with "yes".)

#####.#.#.# #.#
...#.#.#.# #.#
#.#.#.#.# #.#
#.....#.########.#
#.....#...........
#.................
#§§§.############.
#§§§..............
#@################
#y# #y# ###
####y###....
#...S†......
#...........
#...........
#...(.......
#...........


You could see 2 killer bees.

Vanquished Creatures
  An ice beast (D:5)
  An ogre (D:5)
  2 killer bees (D:7)
  A wight (D:7)
  Natasha (D:4)
  2 worker ants (D:4)
  An adder (D:5)
  A shadow imp (D:7)
  An ooze (D:1)
  2 dart slugs (D:1)
  3 giant geckos
  An orc (D:5)
  A giant cockroach (D:1)
  5 hobgoblins (D:1)
  6 jackals
  A kobold (D:1)
  A ball python (D:1)
  2 bats
  2 giant newts (D:1)
  A quokka skeleton (D:5)
  A quokka zombie (D:5)
  3 rats
40 creatures vanquished.

Notes
Turn   | Place    | Note
-------+----------+-------------------------------------------
     0 | D:1      | 4thArraOfDagon the Troll Arcane Marksman began the quest for the Orb.
     0 | D:1      | Reached XP level 1. HP: 18/18 MP: 1/1
    85 | D:1      | Reached skill level 1 in Unarmed Combat
    98 | D:1      | Reached XP level 2. HP: 20/26 MP: 2/2
   161 | D:1      | Reached skill level 2 in Unarmed Combat
   253 | D:2      | Reached XP level 3. HP: 32/32 MP: 3/3
   420 | D:3      | Reached skill level 3 in Unarmed Combat
   535 | D:4      | Noticed Natasha
   552 | D:4      | Killed Natasha
   552 | D:4      | Reached skill level 4 in Unarmed Combat
   552 | D:4      | Reached XP level 4. HP: 25/40 MP: 4/4
   561 | D:4      | Found a blossoming altar of Fedhas.
   587 | D:5      | Entered Level 5 of the Dungeon
   649 | D:5      | Noticed an ice beast
   651 | D:5      | Noticed a giant frog
   668 | D:5      | Killed an ice beast
   668 | D:5      | Reached skill level 5 in Unarmed Combat
   668 | D:5      | Reached XP level 5. HP: 18/46 MP: 5/5
   689 | D:5      | Noticed an ogre
   698 | D:5      | Killed an ogre
   698 | D:5      | Reached skill level 6 in Unarmed Combat
   698 | D:5      | Reached XP level 6. HP: 40/54 MP: 6/6
   873 | D:7      | HP: 2/54 [killer bee (6)]
   875 | D:7      | Quit the game

Vault maps used:
D:1:      evilmike_arrival_rings, serial_forest, infiniplex_forest_fountain,
          infiniplex_forest_clump_double, infiniplex_forest_straight_2,
          infiniplex_forest_lined_2, infiniplex_forest_lined_2,
          infiniplex_forest_straight_1, infiniplex_forest_join,
          infiniplex_forest_straight_3, kennysheep_crisscross
D:2:      kennysheep_slug_shrine
D:3:      first_bread
D:4:      nicolae_overflow_hidden_temple, kennysheep_mini, old_standard_altar,
          kennysheep_little_box, led_sif_pool, serial_forest,
          infiniplex_forest_end_2, infiniplex_forest_corner_1,
          infiniplex_forest_clump_curved, infiniplex_forest_lined_2,
          infiniplex_forest_end_2, infiniplex_forest_end_2,
          infiniplex_forest_lined_3, infiniplex_forest_corner_1, uniq_natasha
D:5:      overflow_temple_1_default, serial_shops, nicolae_shop_statue_plus
D:6:      serial_shops, shop_fountains, wad_floor_pattern_untrapped
D:7:      serial_shops, shop

Skill      XL: |  1  2  3  4  5 |
---------------+----------------+-----
Unarmed Combat | 1 2 4 5 6 |  6.9
Fighting       | |  0.7
Throwing       | |  1.7
Dodging        | |  1.5
Spellcasting   | |  1.0
Hexes          | |  2.0

Action                   |  1- 3 |  4- 6 || total
-------------------------+-------+-------++-------
Melee: Unarmed           |   100 |    49 ||   149
       Punch             |     1 |       ||     1
Throw: Large rock        |       |     4 ||     4
  Use: Potion            |       |     3 ||     3
       Scroll            |       |     4 ||     4
 Stab: Invisible         |       |     3 ||     3
  Eat: Chunk             |     7 |       ||     7
Armor: Robe              |    53 |     6 ||    59
Dodge: Dodged            |    65 |    59 ||   124
